 Dungeon Crawl Stone Soup version 0.20.1-1-g8b1a95d (webtiles) character file.

1027 Folque the Magician (level 8, -1/54 HPs)
             Began as an Octopode Wizard on Nov 5, 2017.
             Slain by Prince Ribbit (11 damage)
             ... on level 5 of the Dungeon.
             The game lasted 00:28:02 (5025 turns).

Folque the Magician (Octopode Wizard)               Turns: 5025, Time: 00:28:03

Health: -1/54      AC:  2    Str:  7    XL:     8   Next: 23%
Magic:  5/16       EV: 13    Int: 22    God:
Gold:   260        SH:  0    Dex: 10    Spells: 9/17 levels left

rFire    . . .     SeeInvis .   o - +5 quarterstaff (chaos)
rCold    . . .     Gourm    .   (shield currently unavailable)
rNeg     . . .     Faith    +   a - +0 hat
rPois    .         Spirit   .   y - amulet of faith
rElec    .         Reflect  .   j - +1 ring of protection
rCorr    .         Harm     .   B - ring of protection from magic
MR       +....                  (no ring)
Stlth    +++.......             (no ring)
Regen    0.2/turn               (no ring)
MPRegen  0.2/turn               (no ring)
                                (no ring)
                                (no ring)

@: lethally poisoned (-1 -> -5), very slightly contaminated
A: almost no armour, stealthy swim, amphibious, 8 rings, constrict 8, camouflage
1, gelatinous body 1
a: no special abilities


You were on level 5 of the Dungeon.
You were near starving.

You visited 2 branches of the dungeon, and saw 7 of its levels.

You collected 260 gold pieces.

Inventory:

Hand Weapons
 k - a +0 short sword
 o - a +5 quarterstaff of chaos (weapon)
Missiles
 p - 3 javelins (quivered)
 s - 5 tomahawks of dispersal
Armour
 a - a +0 hat (worn)
Jewellery
 d - an uncursed amulet of the gourmand {unknown}
 j - a +1 ring of protection (left tentacle)
 q - an uncursed amulet of guardian spirit {unknown}
 y - an amulet of faith (around mantle)
 B - a ring of protection from magic (right tentacle)
Wands
 r - a wand of polymorph (12/24)
 u - a wand of random effects (17/48)
Scrolls
 g - a scroll of enchant armour {unknown}
 i - 2 scrolls of identify
 m - a scroll of fog
 w - a scroll of remove curse
 x - a scroll of recharging
Potions
 e - 2 potions of flight
 l - a potion of berserk rage {unknown}
 v - a potion of magic {unknown}
 z - 4 potions of lignification {unknown}
Books
 b - a book of Minor Magic

   Spells                             Type                      Level
   a - Magic Dart                     Conjuration                  1
   b - Blink                          Translocation                2
   c - Call Imp                       Summoning                    2
   d - Slow                           Hexes                        2
   e - Conjure Flame                  Conjuration/Fire             3
   f - Mephitic Cloud                 Conjuration/Poison/Air       3
Comestibles
 c - 3 bread rations
 f - 3 meat rations
 t - 3 royal jellies


   Skills:
 - Level 4.1 Fighting
 - Level 2.0 Dodging
 - Level 2.6 Stealth
 + Level 5.4 Spellcasting
 * Level 5.1 Conjurations
 - Level 2.0 Summonings
 - Level 1.0 Translocations
 - Level 4.0 Poison Magic


You had 9 spell levels left.
You knew the following spells:

 Your Spells              Type           Power        Failure   Level  Hunger
a - Magic Dart            Conj           ####         1%          1    None
b - Call Imp              Summ           ##......     6%          2    None
c - Blink                 Tloc           N/A          10%         2    None
d - Mephitic Cloud        Conj/Pois/Air  ###.....     9%          3    ##.....


Dungeon Overview and Level Annotations

Branches:
Dungeon (6/15)             Temple (1/1) D:4

Altars:
Cheibriados
Dithmenos
Elyvilon
Fedhas
Gozag
Hepliaklqana
Makhleb
Nemelex Xobeh
Qazlal
Trog
Vehumet
Yredelemnul
Zin
The Shining One

Annotations:
D:5 Pikel, Prince Ribbit


Innate Abilities, Weirdness & Mutations

You cannot wear most types of armour.
You are very stealthy in the water. (Stealth+)
You are amphibious.
You can wear up to eight rings at the same time.
You can use your tentacles to constrict eight enemies at once.
Your skin changes colour to match your surroundings (Stealth+).
Your rubbery body absorbs attacks. (AC +1, EV +1)


Message History

* * * LOW HITPOINT WARNING * * *
You are poisoned.
The scorpion poisons you!
Casting: Call Imp
Confirm with . or Enter, or press ? or * to list all spells.
You blink.
You feel sick. Something hits your crimson imp!
Your crimson imp dies!
You feel sick.
A scorpion comes into view.
You feel sick.
You feel sick.
Casting: Blink
Confirm with . or Enter, or press ? or * to list all spells.
You miscast Blink.
You are very lightly contaminated with residual magic.
You feel uncomfortable. The scorpion completely misses you.
Casting: Blink
Confirm with . or Enter, or press ? or * to list all spells.
You blink.
You feel sick. Something hits you!
You die...

#.# #...# #. #.# #.### #)#
##.#####.#. #.####.#
#####.......... .......#
#..........#.## #.###.##
#.###.p###)# # #.# #.#
#.5# .... #.# #.#
#..#####.# #.#
##.###@{s.....#
#.###.#####........ยง.#..#
#...........#..#####.#
#####.#####.<..# #.?.s....
#.# #....# #.#.s###. #.#
#.##.# #.#..# ... ...##.#
#.. ).. #.# ######.. ...
.... ### ###. ... ####


You could see a slave, 2 scorpions and a friendly crimson imp.

Vanquished Creatures
  Sigmund (D:2)
  An ogre (D:4)
  A scorpion (D:6)
  2 howler monkeys (D:5)
  A crimson imp (D:5)
  2 orc priests
  A hound (D:4)
  7 orc wizards
  A jelly (D:2)
  Jessica (D:2)
  2 worker ants
  Terence (D:2)
  5 adders
  3 oozes
  3 dart slugs
  A leopard gecko (D:4)
  14 orcs
  7 giant cockroaches
  8 hobgoblins
  6 jackals (D:3)
  11 kobolds
  A quokka (D:2)
  2 ball pythons
  10 bats
  5 frilled lizards
  4 goblins
  A quokka skeleton (D:4)
  10 rats
  A fungus (D:2)
113 creatures vanquished.

Vanquished Creatures (collateral kills)
  An orc warrior (D:6)
  Crazy Yiuf (D:2)
  A jelly (D:2)
  An orc wizard (D:4)
  3 adders
  5 oozes (D:2)
  A worm (D:2)
  A dart slug (D:2)
  A leopard gecko (D:5)
  3 orcs
  A goblin (D:2)
  A hobgoblin (D:1)
  A jackal (D:3)
  A quokka (D:2)
  A kobold (D:2)
  A rat (D:2)
  A fungus (D:2)
25 creatures vanquished.

Vanquished Creatures (others)
  8 fungi (D:2)
  8 toadstools (D:2)
16 creatures vanquished.

Grand Total: 154 creatures vanquished

Notes
Turn   | Place    | Note
-------+----------+-------------------------------------------
     0 | D:1      | Folque the Octopode Wizard began the quest for the Orb.
     0 | D:1      | Reached XP level 1. HP: 11/11 MP: 4/4
    68 | D:1      | Reached skill level 1 in Fighting
   339 | D:1      | Reached XP level 2. HP: 8/18 MP: 0/6
   700 | D:1      | Learned a level 2 spell: Call Imp
   703 | D:1      | Learned a level 2 spell: Blink
  1004 | D:1      | Reached XP level 3. HP: 24/24 MP: 7/7
  1208 | D:1      | Learned a level 3 spell: Mephitic Cloud
  1298 | D:2      | Noticed Terence
  1316 | D:2      | Killed Terence
  1316 | D:2      | Reached skill level 1 in Poison Magic
  1483 | D:2      | Reached XP level 4. HP: 16/30 MP: 1/9
  1765 | D:2      | Found a radiant altar of Vehumet.
  1765 | D:2      | Found a snail-covered altar of Cheibriados.
  1901 | D:2      | Found a runed door.
  1905 | D:2      | Noticed Crazy Yiuf
  1912 | D:2      | Killed Crazy Yiuf
  1980 | D:2      | Noticed Sigmund
  2217 | D:2      | Killed Sigmund
  2217 | D:2      | Reached XP level 5. HP: 37/37 MP: 5/11
  2316 | D:2      | Reached XP level 6. HP: 38/43 MP: 2/12
  2716 | D:2      | Found a burning altar of Makhleb.
  2839 | D:2      | Noticed Jessica
  2845 | D:2      | Killed Jessica
  3883 | D:4      | Reached XP level 7. HP: 48/48 MP: 5/13
  4366 | D:4      | Found a staircase to the Ecumenical Temple.
  4376 | Temple   | Entered the Ecumenical Temple
  4430 | D:4      | You fall through a shaft for 2 floors!
  4452 | D:6      | Reached skill level 5 in Spellcasting
  4453 | D:6      | Reached XP level 8. HP: 17/54 MP: 0/15
  4662 | D:5      | Entered Level 5 of the Dungeon
  4906 | D:5      | Noticed Pikel
  4907 | D:5      | Noticed Prince Ribbit
  4932 | D:5      | HP: 1/54 [crimson imp (3)]
  4933 | D:5      | Reached skill level 5 in Conjurations
  4949 | D:5      | Found a bloodstained altar of Trog.
  5025 | D:5      | Slain by Prince Ribbit

Skill      XL: |  1  2  3  4  5  6  7  8 |
---------------+-------------------------+-----
Fighting       | 1 2 4 |  4.1
Poison Magic   | 1 3 4 |  4.0
Spellcasting   | 4 5 |  5.4
Conjurations   | 4 5 |  5.1
Summonings     | 2 |  2.0
Dodging        | |  2.0
Stealth        | |  2.6
Translocations | |  1.0

Action                   |  1- 3 |  4- 6 |  7- 9 || total
-------------------------+-------+-------+-------++-------
Melee: Mace              |    70 |   101 |       ||   171
       Unarmed           |     5 |       |       ||     5
       Tentacles         |    15 |    21 |     8 ||    44
       Constrict         |    12 |    41 |    18 ||    71
       Quarterstaff      |       |    22 |    67 ||    89
 Cast: Magic Dart        |    16 |    19 |       ||    35
       Call Imp          |     5 |    26 |    15 ||    46
       Blink             |     3 |     1 |     8 ||    12
       Mephitic Cloud    |     1 |    11 |     9 ||    21
Evoke: Wand              |       |       |     2 ||     2
  Use: Scroll            |     6 |     3 |     7 ||    16
       Potion            |       |       |     4 ||     4
 Stab: Sleeping          |     9 |     7 |     1 ||    17
       Confused          |     3 |     2 |     1 ||     6
  Eat: Chunk             |     2 |     9 |     2 ||    13
Armor: Skin              |    13 |    16 |     6 ||    35
Dodge: Dodged            |    58 |    89 |    36 ||   183
